 Dungeon Crawl Stone Soup version 0.19.0-9-gfd783f2 (console) character file.

362852 Morrissey the Tortoise (level 21, -13/217 HPs)
             Began as a Minotaur Fighter on Nov 8, 2016.
             Was the Champion of Okawaru.
             Killed from afar by a deep elf high priest (29 damage)
             ... with damnation
             ... on level 3 of the Elven Halls.
             The game lasted 01:37:18 (44105 turns).

Morrissey the Tortoise (Minotaur Fighter)          Turns: 44105, Time: 01:37:19

Health: -13/217    AC: 37    Str: 43    XL:     21   Next: 52%
Magic:  32/32      EV: 22    Int:  9    God:    Okawaru [******]
Gold:   2940       SH: 22    Dex: 17    Spells: 0 memorised, 20 levels left

rFire  + . .     SeeInvis +     b - +9 demon blade (slice)
rCold  + + .     Gourm    +     C - +8 chain mail of Hepliaklqana's Anger {rF+ rC+}
rNeg   + . .     Faith    .     B - +3 shield of Tenacity {rElec rN+ Regen+}
rPois  .         Spirit   .     W - +0 hat "Sevvedun" {rElec Regen+}
rElec  +         Reflect  .     N - +2 cloak {+Inv}
rCorr  +         Harm     .     h - +0 pair of gloves of Twilight {*Contam *Slow +Blink MR+++ rCorr}
MR     +++++     Clarity  +     S - +2 pair of boots {run}
Stlth  +.........               o - amulet of the Battered Eyes {Gourm rC+ Int+4 Stlth+}
                                J - ring of see invisible
                                X - ring "Geokhlasa" {*Corrode rElec Str+9 Dex+5}

@: mighty, heroism, quick
A: retaliatory headbutt, horns 2, thin metallic scales 1, clarity, magic
resistance 1, robust 1
a: Heroism, Finesse, Renounce Religion, Evoke Blink, Evoke Invisibility
}: 2/15 runes: decaying, gossamer


You were on level 3 of the Elven Halls.
You worshipped Okawaru.
Okawaru was exalted by your worship.
You were very full.

You visited 7 branches of the dungeon, and saw 38 of its levels.
You also visited: Bailey.

You collected 3920 gold pieces.
You spent 980 gold pieces at shops.

Inventory:

Hand Weapons
 a - a +4 scimitar of flaming
 b - a +9 demon blade of slicing (weapon)
 G - a +5 shortbow of flaming
 O - a +6 demon blade of pain
Missiles
 q - 6 tomahawks of returning (quivered)
 K - 667 arrows
Armour
 h - the +0 pair of gloves of Twilight (worn) {*Contam *Slow +Blink MR+++ rCorr}
   (You acquired it on level 13 of the Dungeon)

   It affects your resistance to hostile enchantments.
   It lets you blink.
   It causes magical contamination when unequipped.
   It protects you from acid and corrosion.
   It may slow you when you take damage.
 B - the +3 shield of Tenacity (worn) {rElec rN+ Regen+}
   (Okawaru gifted it to you on level 4 of the Vaults)

   It insulates you from electricity.
   It protects you from negative energy.
   It increases your rate of regeneration.
 C - the +8 chain mail of Hepliaklqana's Anger (worn) {rF+ rC+}
   (You found it on level 15 of the Dungeon)

   It protects you from fire.
   It protects you from cold.
 N - a +2 cloak of invisibility (worn)
 S - a +2 pair of boots of running (worn)
 V - the +2 shield of Resistance {rF+ rC+ MR+}
   (You acquired it on level 3 of the Elven Halls)

   It protects you from fire.
   It protects you from cold.
   It affects your resistance to hostile enchantments.
 W - the +0 hat "Sevvedun" (worn) {rElec Regen+}
   (Okawaru gifted it to you on level 3 of the Vaults)

   It insulates you from electricity.
   It increases your rate of regeneration.
 Y - a +0 large shield of reflection
Jewellery
 o - the amulet of the Battered Eyes (around neck) {Gourm rC+ Int+4 Stlth+}
   (You acquired it on level 2 of the Vaults)

   [amulet of the gourmand]

   It allows you to eat raw meat even when not hungry.
   It affects your intelligence (+4).
   It protects you from cold.
   It makes you more stealthy.
 J - a ring of see invisible (right hand)
 U - an uncursed ring of poison resistance
 X - the ring "Geokhlasa" (left hand) {*Corrode rElec Str+9 Dex+5}
   (You found it on level 9 of the Dungeon)

   [ring of dexterity]

   It affects your strength (+9).
   It affects your dexterity (+5).
   It insulates you from electricity.
   It may corrode you when you take damage.
Wands
 n - a wand of acid (4/15)
 D - a wand of iceblast (7/15)
 E - a wand of teleportation (9/9)
 M - a wand of flame (25/48)
 R - a wand of flame (39/48)
Scrolls
 c - 5 scrolls of summoning
 d - 3 scrolls of blinking
 e - 2 scrolls of silence
 g - 6 scrolls of magic mapping
 k - 6 scrolls of recharging
 m - 6 scrolls of fear
 p - 16 scrolls of teleportation
 t - 14 scrolls of remove curse
 x - a scroll of holy word
 y - 5 scrolls of identify
 A - 5 scrolls of fog
Potions
 i - 10 potions of flight
 j - 2 potions of haste
 l - 4 potions of agility
 s - 24 potions of curing
 w - 3 potions of cure mutation
 z - 2 potions of resistance
 H - 3 potions of berserk rage
 P - 4 potions of heal wounds
 Q - 8 potions of might
Books
 Z - Offomuiz's Tome of Lucky Attacks
   (You found it on level 3 of the Elven Halls)

   Spells                             Type                      Level
   a - Repel Missiles                 Charms/Air                   2
   b - Deflect Missiles               Charms/Air                   6
   c - Poisonous Cloud                Conjuration/Poison/Air       6
   d - Bolt of Fire                   Conjuration/Fire             6
Miscellaneous
 F - a lamp of fire
 I - a disc of storms
Comestibles
 f - 18 bread rations
 r - 23 royal jellies
 u - a meat ration
 v - 6 chunks of flesh
 T - 3 beef jerkies


   Skills:
 + Level 19.0(24.0) Fighting
 + Level 18.0(23.0) Long Blades
 - Level 9.2(14.2) Bows
 + Level 20.2(25.2) Armour
 - Level 11.2(16.2) Dodging
 * Level 16.6(21.6) Shields
 + Level 16.1 Invocations
 + Level 11.4 Evocations


You had 20 spell levels left.
You didn't know any spells.

Dungeon Overview and Level Annotations

Branches:
Dungeon (15/15)            Temple (0/1) D:5            Lair (6/6) D:11
  Swamp (4/4) Lair:4       Spider (4/4) Lair:4        Slime (0/5) Lair:6
    Orc (2/2) D:12            Elf (3/3) Orc:2        Vaults (4/5) D:13
  Crypt (0/3) Vaults:3     Depths (0/5) D:15

Altars:
Ashenzari
Cheibriados
Dithmenos
Gozag
Kikubaaqudgha
Nemelex Xobeh
Okawaru
Ru
Sif Muna
Vehumet
Xom
The Shining One
Beogh
Jiyva

Shops:
D:9 [   D:11 *   D:12 *%   D:15 (   Orc:2 **([   Vaults:3 *}?[%

Annotations:
D:8 smzp's ghost, novice TrWr


Innate Abilities, Weirdness & Mutations

You reflexively headbutt those who attack you in melee.
You have a pair of horns on your head.
You are partially covered in thin metallic scales. (AC +2)
You possess an exceptional clarity of mind.
You are resistant to hostile enchantments. (MR+)
You are robust. (+10% HP)


Message History

Your body is wracked with pain!
* * * LOW HITPOINT WARNING * * *
You block the Tzitzimitl's attack. The Tzitzimitl bites you.
* * * LOW HITPOINT WARNING * * *
Things that are here:
a long sword x2; an elf corpse The deep elf demonologist mumbles some strange words.
You block the sun demon's attack.
Items here: ( ) ? [ a longbow; 69 arrows; a leather armour; a scroll of amnesia You see here 2 arrows.
You see here a long sword.
Things that are here:
a dagger; an elf corpse The Tzitzimitl calls on the powers of darkness!
The deep elf high priest convulses! x2; Your body is wracked with pain!
* * * LOW HITPOINT WARNING * * *
The deep elf high priest mumbles some strange prayers to its god against you.
The sphere of damnation explodes!
The damnation engulfs you!
You die...

#).# ##.#
##)# ##' #)#
## #.# ##.
#.# #..
###.## #..
#..).### #..
#....).# ##.
#..@...# ##
#..#)#.# #
##.#3# ..#(#
#..#4# ####e#
#e#
#...e)14e2E.#
##..3423e..##


You could see a Tzitzimitl, a sun demon, an orange demon, 2 deep elf high
priests and a red devil.

Vanquished Creatures
  Saint Roka (Orc:2)
  Asterion (Spider:2)
  Rupert (Spider:1)
  2 deep elf blademasters (Elf:3)
  2 deep elf master archers (Elf:3)
  A sphinx (Vaults:2)
  A tengu reaver (Vaults:3)
  Frances (Spider:2)
  Gastronok (D:8)
  A shadow dragon (Vaults:1)
  The ghost of gitgud34 the Bludgeoner, an adept MiFi of Uskayaw (Spider:1)
  A storm dragon (Vaults:3)
  Donald (Swamp:2)
  2 fire giants (Vaults:3)
  A frost giant (Vaults:3)
  5 deep elf sorcerers
  8 vault wardens
  7 emperor scorpions (Spider:4)
  4 ghost moths
  Aizul (Vaults:3)
  14 ironheart preservers
  4 deep elf elementalists (Elf:3)
  6 very ugly things (Vaults:2)
  A war gargoyle (Vaults:1)
  5 entropy weavers
  The ghost of Empty the Tortoise, a journeyman TeCj of Vehumet (Swamp:2)
  3 stone giants
  8 deep elf demonologists
  6 deep elf annihilators
  A dire elephant (D:15)
  Snorg (Orc:1)
  6 deep elf death magi
  3 ettins
  7 yaktaur captains
  5 fire dragons
  3 rakshasas
  2 great orbs of eyes
  5 vault guards
  22 hydras
  2 catoblepae
  7 centaur warriors
  3 ice dragons
  Erica (D:8)
  24 dancing weapons
  A ghost crab (Swamp:2)
  4 deep troll earth magi
  2 death knights
  A hell hog (shapeshifter) (Vaults:4)
  9 ogre magi
  2 tengu warriors
  5 death yaks (Lair:5)
  9 alligators
  Urug (D:11)
  A soul eater (Vaults:3)
  3 orc high priests
  26 deep elf knights
  A fire crab (Swamp:4)
  7 skeletal warriors
  6 hell knights (Vaults:4)
  A death drake (shapeshifter) (Vaults:4)
  3 wizards (Vaults:2)
  A sea snake (shapeshifter) (Elf:3)
  3 unseen horrors
  17 deep elf archers
  8 swamp dragons
  3 spriggan druids
  19 deep trolls
  5 shambling mangroves
  7 hill giants
  A lindwurm (Swamp:4)
  2 phantasmal warriors
  4 necromancers
  13 orc knights
  3 harpies (Vaults:3)
  A harpy (shapeshifter) (D:13)
  19 orb spiders
  11 ironbrand convokers
  A wolf spider zombie (D:14)
  3 orc sorcerers
  37 wolf spiders
  57 deep elf magi
  A tengu skeleton (Vaults:3)
  3 human zombies (Vaults:3)
  2 salamanders (shapeshifter)
  20 ugly things
  10 cyclopes
  4 manticores
  A salamander (D:15)
  A black mamba (Lair:2)
  12 vault sentinels
  4 centaur zombies
  9 elephants
  A torpor snail (Spider:3)
  A spiny frog (shapeshifter) (Vaults:4)
  21 spiny frogs
  A stone giant skeleton (Vaults:3)
  5 rime drakes
  2 gargoyles (D:11)
  6 orange demons (Elf:1)
  6 komodo dragons
  2 komodo dragons (shapeshifter)
  A yaktaur (shapeshifter) (Vaults:3)
  25 yaktaurs
  20 demonic crawlers
  A kobold demonologist (D:13)
  3 efreet
  6 trolls
  A merfolk (shapeshifter) (D:13)
  8 freezing wraiths
  2 meliai (shapeshifter)
  A tengu conjurer (D:13)
  A queen bee (shapeshifter) (Vaults:4)
  22 jumping spiders
  17 hornets
  2 two-headed ogres (shapeshifter)
  2 polar bears (shapeshifter)
  A wind drake (shapeshifter) (Vaults:3)
  10 polar bears
  15 two-headed ogres
  Prince Ribbit (D:8)
  2 raiju (Lair:6)
  8 hippogriffs
  34 slime creatures
  9 tyrant leeches
  8 bog bodies
  13 blink frogs
  A stone giant simulacrum (Vaults:1)
  A centaur simulacrum (D:15)
  A hippogriff (shapeshifter) (Vaults:3)
  A redback (shapeshifter) (Vaults:3)
  72 redbacks
  4 shadows
  3 wraiths
  3 wyverns
  2 water elementals
  44 yaks
  7 spriggans
  Grum (D:8)
  2 vampires
  22 tarantellas
  2 fire elementals
  2 human simulacra
  A hog (shapeshifter) (Vaults:3)
  21 vampire mosquitoes
  4 basilisks
  5 steam dragons
  Menkaure (D:6)
  6 insubstantial wisps (Swamp:4)
  18 swamp worms
  11 wargs
  6 mottled dragons
  12 water moccasins
  A soldier ant (shapeshifter) (Vaults:3)
  5 porcupines
  8 hell hounds (Lair:6)
  17 swamp drakes
  53 orc warriors
  3 sky beasts
  7 ice beasts
  An eye of draining (shapeshifter) (Elf:1)
  41 ogres
  14 black bears
  A black bear (shapeshifter) (Vaults:4)
  An eye of draining (D:15)
  5 phantoms
  A necrophage (D:10)
  3 boggarts (Vaults:3)
  27 wolves
  11 crocodiles
  13 centaurs
  The ghost of Banto the Slasher, an amateur HESk (D:3)
  2 big kobolds
  16 bullfrogs
  2 earth elementals
  A deep troll simulacrum (Vaults:3)
  A human skeleton (Vaults:3)
  5 scorpions
  18 wights
  An elf simulacrum (Vaults:3)
  7 killer bees (D:12)
  An electric eel (Lair:3)
  10 howler monkeys
  A vampire bat (Lair:5)
  5 crimson imps
  2 bullfrog zombies
  8 jellies
  27 orc priests
  16 hounds
  Crazy Yiuf (D:7)
  9 centaur skeletons
  30 orc wizards
  9 iguanas
  10 worker ants
  A hound zombie (D:8)
  2 worker ant zombies
  A howler monkey zombie (D:10)
  18 gnolls
  12 adders
  3 river rats (D:11)
  3 shadow imps
  12 white imps
  6 oozes
  An adder skeleton (D:4)
  An adder zombie (D:8)
  6 worms
  5 dart slugs
  7 leopard geckos
  149 orcs
  A ball python (D:2)
  16 bats
  7 giant cockroaches
  12 goblins
  7 hobgoblins
  5 jackals
  21 kobolds
  A quokka (D:12)
  7 frilled lizards
  A quokka skeleton (D:4)
  14 rats
  2 fungi (D:11)
1774 creatures vanquished.

Vanquished Creatures (others)
  2 hydras
  A deep elf knight (Elf:2)
  A deep elf archer (Vaults:1)
  A lindwurm (Swamp:4)
  A deep elf mage (Elf:1)
  A wolf spider (Spider:4)
  A yaktaur (Vaults:3)
  2 jumping spiders (Spider:4)
  A dream sheep (shapeshifter) (Elf:1)
  A tarantella (Spider:2)
  A steam dragon (Swamp:4)
  A mottled dragon (Swamp:4)
  An orc warrior (Vaults:3)
  3 swamp drakes (Swamp:4)
  2 killer bees (D:12)
  A hound (Lair:6)
  An iguana (Lair:6)
  2 fungi
  15 plants
39 creatures vanquished.

Grand Total: 1813 creatures vanquished

Notes
Turn   | Place    | Note
-------+----------+-------------------------------------------
     0 | D:1      | Morrissey the Minotaur Fighter began the quest for the Orb.
     0 | D:1      | Reached XP level 1. HP: 19/19 MP: 0/0
    51 | D:1      | Reached XP level 2. HP: 26/27 MP: 1/1
   141 | D:1      | Reached skill level 4 in Armour
   342 | D:1      | Reached XP level 3. HP: 33/33 MP: 2/2
   593 | D:1      | Found an iron altar of Okawaru.
   618 | D:1      | Became a worshipper of Warmaster Okawaru
   785 | D:2      | Reached XP level 4. HP: 31/40 MP: 3/3
  1082 | D:2      | Found a shimmering altar of Xom.
  1246 | D:2      | Found a deep blue altar of Sif Muna.
  1331 | D:2      | Found a shadowy altar of Dithmenos.
  1452 | D:3      | Noticed Banto's ghost (amateur HESk)
  1457 | D:3      | Killed Banto's ghost
  1457 | D:3      | Reached XP level 5. HP: 29/47 MP: 4/4
  1487 | D:2      | HP: 2/47 [poisoned by Banto's ghost]
  1495 | D:2      | HP: 2/47 [poisoned by Banto's ghost]
  1818 | D:3      | Found an ancient bone altar of Kikubaaqudgha.
  1825 | D:3      | Reached skill level 5 in Long Blades
  1855 | D:3      | Reached skill level 5 in Armour
  1889 | D:3      | Found a sacrificial altar of Ru.
  2060 | D:3      | Reached XP level 6. HP: 52/53 MP: 5/5
  2524 | D:4      | Reached skill level 5 in Shields
  2620 | D:4      | Reached * piety under Okawaru
  2950 | D:5      | Entered Level 5 of the Dungeon
  3011 | D:5      | Reached skill level 5 in Fighting
  3025 | D:5      | Reached XP level 7. HP: 53/61 MP: 6/6
  3141 | D:5      | Found a staircase to the Ecumenical Temple.
  3190 | D:5      | Found a sparkling altar of Nemelex Xobeh.
  3305 | D:5      | Found a shattered altar of Ashenzari.
  3339 | D:5      | Reached skill level 6 in Armour
  3871 | D:6      | Reached XP level 8. HP: 63/70 MP: 7/7
  3916 | D:6      | Found a shadowy altar of Dithmenos.
  3923 | D:6      | Noticed Menkaure
  3928 | D:6      | Killed Menkaure
  3928 | D:6      | Reached ** piety under Okawaru
  4201 | D:7      | Found a sacrificial altar of Ru.
  4235 | D:7      | Found a runed door.
  4308 | D:7      | Found a snail-covered altar of Cheibriados.
  4343 | D:7      | Reached skill level 7 in Armour
  4540 | D:7      | Found an opulent altar of Gozag.
  4635 | D:7      | Noticed Crazy Yiuf
  4638 | D:7      | Killed Crazy Yiuf
  4705 | D:8      | Noticed Grum
  4719 | D:8      | Killed Grum
  4956 | D:8      | Reached XP level 9. HP: 74/79 MP: 8/8
  5045 | D:8      | Noticed Gastronok
  5067 | D:8      | Killed Gastronok
  5067 | D:8      | Reached *** piety under Okawaru
  5067 | D:8      | Reached skill level 10 in Long Blades
  5067 | D:8      | Reached skill level 8 in Armour
  5530 | D:8      | Noticed smzp's ghost (novice TrWr)
  5601 | D:9      | Noticed a troll
  5604 | D:9      | Found Memit's Armour Shop.
  5618 | D:10     | Entered Level 10 of the Dungeon
  5627 | D:10     | Killed a troll
  5627 | D:10     | Reached XP level 10. HP: 51/88 MP: 6/9
  5836 | D:10     | Noticed a hill giant
  5854 | D:10     | HP: 4/90 [hill giant/giant club (21)]
  5855 | D:10     | Killed a hill giant
  5855 | D:10     | Reached **** piety under Okawaru
  5855 | D:10     | Reached skill level 9 in Armour
  6712 | D:9      | Found a glowing golden altar of the Shining One.
  6826 | D:9      | Got a crude silver ring
  6828 | D:9      | Identified the ring "Geokhlasa" {*Corrode rElec Str+9 Dex+5} (You found it on level 9 of the Dungeon)
  7263 | D:9      | Reached ***** piety under Okawaru
  7509 | D:8      | Noticed Prince Ribbit
  7515 | D:8      | Killed Prince Ribbit
  7701 | D:8      | Noticed Erica
  7713 | D:8      | Killed Erica
  7713 | D:8      | Reached skill level 10 in Armour
  7713 | D:8      | Reached XP level 11. HP: 97/97 MP: 10/10
  8055 | D:8      | Reached skill level 10 in Shields
  8225 | D:10     | Noticed a hill giant
  8232 | D:10     | Killed a hill giant
  8520 | D:11     | Reached skill level 10 in Fighting
  8533 | D:11     | Received a gift from Okawaru
  8721 | D:11     | Found a staircase to the Lair.
  8732 | Lair:1   | Entered Level 1 of the Lair of Beasts
  8744 | Lair:1   | Noticed a seven-headed hydra
  8753 | Lair:1   | Killed a four-headed hydra
  9112 | D:11     | Reached skill level 1 in Invocations
  9265 | D:11     | Noticed Urug
  9280 | D:11     | Killed Urug
  9280 | D:11     | Reached skill level 11 in Armour
  9413 | D:11     | Found Vuili's Pet Rocks.
  9620 | D:11     | Killed an unseen horror
  9620 | D:11     | Reached ****** piety under Okawaru
  9620 | D:11     | Reached XP level 12. HP: 108/108 MP: 13/13
  9842 | D:12     | Received a gift from Okawaru
  9938 | D:12     | Gained mutation: You are robust. (+10% HP) [potion of beneficial mutation]
  9991 | D:12     | Noticed a centaur warrior
 10003 | D:12     | Killed a centaur warrior
 10117 | D:12     | Reached skill level 5 in Invocations
 10156 | D:12     | Found Ichops's General Store.
 10407 | D:12     | Found a staircase to the Orcish Mines.
 10495 | D:12     | Found Feajaam's Food Emporium.
 10504 | D:12     | Paralysed by a hornet for 1 turns
 10593 | D:12     | Received a gift from Okawaru
 10884 | D:12     | Reached skill level 12 in Armour
 11538 | D:13     | Identified a scroll of acquirement
 11541 | D:13     | Found a gate to the Vaults.
 11566 | D:13     | Got a pair of jewelled gloves
 11577 | D:13     | Identified the +0 pair of gloves of Twilight {*Contam *Slow +Blink MR+++ rCorr} (You acquired it on level 13 of the Dungeon)
 11702 | D:13     | Found a flagged portal.
 11720 | Bailey   | Entered a bailey
 11787 | Bailey   | Received a gift from Okawaru
 11953 | Bailey   | Gained mutation: You are partially covered in thin metallic scales. (AC +2) [potion of beneficial mutation]
 11995 | Bailey   | Reached XP level 13. HP: 97/129 MP: 10/17
 12284 | D:13     | Gained mutation: You possess an exceptional clarity of mind. [potion of beneficial mutation]
 12285 | D:13     | Gained mutation: You are resistant to hostile enchantments. (MR+) [potion of beneficial mutation]
 13164 | Lair:1   | Reached skill level 13 in Armour
 13271 | Lair:1   | Received a gift from Okawaru
 14424 | Lair:3   | Received a gift from Okawaru
 14573 | Lair:3   | Reached skill level 10 in Invocations
 15248 | Lair:4   | Reached XP level 14. HP: 141/141 MP: 20/20
 15348 | Lair:4   | Found a hole to the Spider Nest.
 15537 | Lair:4   | Found a staircase to the Swamp.
 16148 | Lair:5   | Received a gift from Okawaru
 16718 | Lair:4   | Reached skill level 14 in Armour
 16912 | Lair:6   | Entered Level 6 of the Lair of Beasts
 17131 | Lair:6   | Received a gift from Okawaru
 17217 | Lair:6   | Found a viscous altar of Jiyva.
 17217 | Lair:6   | Found a staircase to the Slime Pits.
 17510 | Lair:6   | HP: 7/145 [fire dragon/blast of flame (27)]
 18339 | Lair:6   | Reached skill level 1 in Evocations
 18800 | Lair:6   | Received a gift from Okawaru
 19079 | D:14     | Reached XP level 15. HP: 115/151 MP: 22/22
 19749 | D:14     | Reached skill level 15 in Armour
 20116 | D:15     | Entered Level 15 of the Dungeon
 20215 | D:15     | Got a distressingly furry chain mail
 20291 | D:15     | Identified the +8 chain mail of Hepliaklqana's Anger {rF+ rC+} (You found it on level 15 of the Dungeon)
 20482 | D:15     | Found Xoxomnoj's Weapon Boutique.
 20855 | D:15     | Received a gift from Okawaru
 20856 | D:15     | Got a sheer robe {god gift}
 21075 | D:15     | Found a staircase to the Depths.
 21432 | Spider:1 | Entered Level 1 of the Spider Nest
 22000 | Spider:1 | Noticed gitgud34's ghost (adept MiFi)
 22008 | Spider:1 | Killed gitgud34's ghost
 22090 | Spider:1 | Noticed Rupert
 22106 | Spider:1 | Killed Rupert
 22386 | Spider:1 | Reached skill level 15 in Fighting
 22509 | Spider:1 | Reached skill level 16 in Armour
 22932 | Spider:2 | Reached skill level 15 in Long Blades
 23067 | Spider:2 | Noticed Frances
 23088 | Spider:1 | Reached XP level 16. HP: 137/163 MP: 24/24
 23171 | Spider:2 | Killed Frances
 23213 | Spider:2 | Received a gift from Okawaru
 23213 | Spider:2 | Reached skill level 15 in Shields
 23307 | Spider:2 | Paralysed by a hornet for 1 turns
 23745 | Spider:2 | Reached skill level 5 in Evocations
 23860 | Spider:2 | Noticed Asterion
 23882 | Spider:2 | Killed Asterion
 25943 | Spider:4 | Entered Level 4 of the Spider Nest
 26069 | Spider:4 | Reached skill level 17 in Armour
 26079 | Spider:4 | Received a gift from Okawaru
 27189 | Spider:4 | Reached XP level 17. HP: 138/172 MP: 25/25
 27628 | Spider:4 | Got a gossamer rune of Zot
 27966 | Swamp:1  | Entered Level 1 of the Swamp
 28015 | Swamp:1  | Reached skill level 1 in Dodging
 28127 | Swamp:1  | Received a gift from Okawaru
 28609 | Swamp:2  | Noticed Empty's ghost (journeyman TeCj)
 28633 | Swamp:2  | Killed Empty's ghost
 29107 | Swamp:2  | Noticed Donald
 29134 | Swamp:2  | Killed Donald
 29187 | Swamp:2  | Reached skill level 18 in Armour
 30349 | Swamp:4  | Entered Level 4 of the Swamp
 30357 | Swamp:4  | Reached skill level 5 in Dodging
 30684 | Swamp:4  | Received a gift from Okawaru
 30685 | Swamp:4  | Got a jewelled falchion {god gift}
 31046 | Swamp:4  | Got a decaying rune of Zot
 31389 | Swamp:4  | Identified the +4 falchion of Oxaclar {flame, MR+} (Okawaru gifted it to you on level 4 of the Swamp)
 31621 | Swamp:4  | Reached XP level 18. HP: 170/184 MP: 27/27
 31842 | Orc:1    | Entered Level 1 of the Orcish Mines
 32002 | Orc:1    | Noticed Snorg
 32007 | Orc:1    | Killed Snorg
 32017 | Orc:2    | Entered Level 2 of the Orcish Mines
 32043 | Orc:2    | Found a staircase to the Elven Halls.
 32128 | Orc:2    | Found a roughly hewn altar of Beogh.
 32210 | Orc:2    | Found a roughly hewn altar of Beogh.
 32260 | Orc:2    | Got an encrusted shortbow
 32306 | Orc:2    | Received a gift from Okawaru
 32390 | Orc:2    | Found a roughly hewn altar of Beogh.
 32403 | Orc:2    | Found Xona's Assorted Antiques.
 32531 | Orc:2    | Found a roughly hewn altar of Beogh.
 32532 | Orc:2    | Found Ikimaejy's General Store.
 32647 | Orc:2    | Noticed Saint Roka
 32709 | Orc:2    | Killed Saint Roka
 32762 | Orc:2    | Found Mistrof's Antique Weapon Shop.
 32763 | Orc:2    | Found a roughly hewn altar of Beogh.
 32764 | Orc:2    | Found Peggyble's Antique Armour Boutique.
 32877 | Orc:2    | Found a roughly hewn altar of Beogh.
 33266 | Orc:1    | Found a roughly hewn altar of Beogh.
 33441 | Elf:1    | Entered Level 1 of the Elven Halls
 33873 | Elf:1    | Received a gift from Okawaru
 34896 | Elf:2    | Identified the +6 shortbow of Cocytus {venom, rF- Str+4 Dex+6} (You found it on level 2 of the Orcish Mines)
 35022 | Elf:2    | Received a gift from Okawaru
 35023 | Elf:2    | Got a jewelled plate armour {god gift}
 35029 | Elf:2    | Found a runed gate.
 35029 | Elf:2    | Found a runed gate.
 35029 | Elf:2    | Found a runed gate.
 35065 | Elf:2    | Identified the +1 plate armour of Morrissey's True Grit {rC+ Int+4} (Okawaru gifted it to you on level 2 of the Elven Halls)
 35823 | Vaults:1 | Entered Level 1 of the Vaults
 35877 | Vaults:1 | Reached XP level 19. HP: 183/194 MP: 28/28
 35888 | Vaults:1 | Reached skill level 1 in Bows
 35927 | Vaults:1 | Reached skill level 19 in Armour
 36469 | Vaults:1 | Received a gift from Okawaru
 36836 | Vaults:1 | Reached skill level 10 in Dodging
 36895 | Vaults:1 | Identified the Compendium of Feathery Augmentations
 37105 | Vaults:1 | Reached skill level 5 in Bows
 37175 | Vaults:1 | Reached skill level 15 in Invocations
 37220 | Vaults:1 | Noticed a Brimstone Fiend
 37730 | Vaults:1 | Reached skill level 10 in Evocations
 38038 | Vaults:2 | Got a heavily runed diamond amulet
 38040 | Vaults:2 | Identified the amulet of the Battered Eyes {Gourm rC+ Int+4 Stlth+} (You acquired it on level 2 of the Vaults)
 38411 | Vaults:2 | Received a gift from Okawaru
 39113 | Vaults:2 | Reached XP level 20. HP: 182/205 MP: 30/30
 39245 | Vaults:2 | Received a gift from Okawaru
 39413 | Vaults:2 | Found a radiant altar of Vehumet.
 39531 | Vaults:2 | Received a gift from Okawaru
 40365 | Vaults:3 | Noticed Aizul
 40382 | Vaults:3 | Killed Aizul
 40382 | Vaults:3 | Received a gift from Okawaru
 40388 | Vaults:3 | Found Vauxkan's Food Boutique.
 40398 | Vaults:3 | Got a jewelled hat {god gift}
 40409 | Vaults:3 | Identified the +0 hat "Sevvedun" {rElec Regen+} (Okawaru gifted it to you on level 3 of the Vaults)
 40457 | Vaults:3 | Found Innorogh's Antique Armour Shoppe.
 40460 | Vaults:3 | Bought a pair of embroidered boots for 430 gold pieces
 40460 | Vaults:3 | Bought a glowing large shield for 430 gold pieces
 40470 | Vaults:3 | Identified a +2 pair of boots of running (You bought it in a shop on level 3 of the Vaults)
 40564 | Vaults:3 | Found a staircase to the Crypt.
 41001 | Vaults:3 | Found Xuadiq's Magic Scroll Emporium.
 41004 | Vaults:3 | Bought a scroll of holy word for 120 gold pieces
 41470 | Vaults:3 | Found Piac's Assorted Antiques.
 41501 | Vaults:3 | Found Qed Heeff's Gadget Emporium.
 42052 | Vaults:4 | Received a gift from Okawaru
 42053 | Vaults:4 | Got a warped shield {god gift}
 42082 | Vaults:4 | Identified the +3 shield of Tenacity {rElec rN+ Regen+} (Okawaru gifted it to you on level 4 of the Vaults)
 42779 | Vaults:4 | Reached XP level 21. HP: 206/214 MP: 31/31
 43555 | Elf:3    | Entered Level 3 of the Elven Halls
 43741 | Elf:3    | Identified Offomuiz's Tome of Lucky Attacks
 43800 | Elf:3    | Reached skill level 20 in Armour
 43968 | Elf:3    | Received a gift from Okawaru
 44061 | Elf:3    | Received a gift from Okawaru
 44085 | Elf:3    | Received a gift from Okawaru
 44105 | Elf:3    | Killed from afar by a deep elf high priest

Skill      XL: |  1  2  3  4  5  6  7  8  9 10 11 12 13 14 15 16 17 18 19 20 21 |
---------------+----------------------------------------------------------------+-----
Long Blades    | 3 4 5 6 7 9 11 12 14 15 16 17 18 | 18.0
Armour         | 4 5 6 7 8 10 11 12 13 14 16 17 18 19 20 | 20.2
Shields        | 4 5 7 8 9 10 12 13 14 15 16 | 16.6
Fighting       | 4 5 7 8 9 10 12 13 14 15 16 17 18 19 | 19.0
Invocations    | 3 7 10 11 12 13 14 15 16 | 16.1
Evocations     | 1 4 6 7 9 10 11 | 11.4
Dodging        | 6 9 10 11 | 11.2
Bows           | 6 8 9 |  9.2

Action                   |  1- 3 |  4- 6 |  7- 9 | 10-12 | 13-15 | 16-18 | 19-21 || total
-------------------------+-------+-------+-------+-------+-------+-------+-------++-------
Melee: Long sword        |    89 |   152 |   283 |   246 |       |       |       ||   770
       Headbutt          |    13 |    37 |    70 |   253 |   479 |   542 |   527 ||  1921
       Scimitar          |       |       |       |   512 |  1344 |   267 |       ||  2123
       Demon blade       |       |       |       |       |       |  1407 |  1380 ||  2787
Invok: Heroism           |       |       |     2 |     5 |     4 |     7 |     5 ||    23
       Finesse           |       |       |       |     1 |     3 |     6 |     3 ||    13
Evoke: Disc of storms    |       |       |       |       |       |     1 |       ||     1
  Use: Potion            |     1 |       |     3 |     2 |     4 |     2 |     4 ||    16
       Scroll            |       |       |     7 |    19 |     5 |    21 |     5 ||    57
 Stab: Petrified         |       |       |       |       |     9 |       |       ||     9
       Petrifying        |       |       |       |       |     1 |       |       ||     1
       Confused          |       |       |       |       |       |     1 |       ||     1
       Distracted        |       |       |       |       |       |     1 |       ||     1
  Eat: Chunk             |       |     7 |     9 |    14 |    30 |    32 |    45 ||   137
       Meat ration       |       |       |       |     1 |     2 |     1 |       ||     4
       Pizza             |       |       |       |     1 |       |       |       ||     1
       Beef jerky        |       |       |       |       |       |     1 |       ||     1
Armor: Scale mail        |    11 |       |       |       |       |       |       ||    11
       Chain mail        |    41 |    59 |   124 |   204 |   192 |   704 |   276 ||  1600
       Plate armour      |       |       |       |    63 |   468 |       |       ||   531
Dodge: Dodged            |    22 |    30 |    60 |   177 |   331 |   447 |   363 ||  1430
Block: Shield            |    46 |    71 |   153 |   453 |  1017 |  1192 |   614 ||  3546
       Large shield      |       |       |       |       |       |       |   162 ||   162
       Reflection        |       |       |       |       |       |       |    17 ||    17
       Rpst.: Long sword |     5 |     9 |    21 |    11 |       |       |       ||    46
       Scimitar          |       |       |       |    28 |    55 |    21 |       ||   104
       Demon blade       |       |       |       |       |       |    68 |    77 ||   145
